 Dungeon Crawl Stone Soup version 0.29-a0-824-gd827844252 (webtiles) character file.

Game seed: 1758696207313499915

330457 buhh the Black Belt (level 21, -13/153 HPs)
             Began as an Octopode Transmuter on July 10, 2022.
             Was the Champion of Cheibriados.
             Mangled by Mennas
             ... wielding a +1 eudemon blade of holy wrath
              (29 damage)
             ... on level 4 of the Vaults.
             The game lasted 01:59:25 (68300 turns).

buhh the Black Belt (Octopode Transmuter)          Turns: 68300, Time: 01:59:26

Health: -13/153    AC:  1    Str: 37    XL:     21   Next: 74%
Magic:  37/37      EV: 26    Int: 40    God:    Cheibriados [******]
Gold:   786        SH:  0    Dex: 28    Spells: 26/45 levels left

rFire   + . .      SeeInvis .     - Unarmed
rCold   + . .      Faith    .   (no shield)
rNeg    . . .      Spirit   .   (helmet restricted)
rPois   .          Reflect  .   S - amulet of the acrobat
rElec   .          Harm     .   W - ring of protection from fire
rCorr   .          Rampage  .   j - +4 ring of slaying
Will    +++..      Archmagi +   H - ring of protection from cold
Stlth   ++........              P - ring of willpower
HPRegen 0.35/turn               Y - +6 ring of strength
MPRegen 0.25/turn               V - ring of willpower
                                R - +6 ring of strength
                                C - ring of the Mage {Wiz Archmagi}

@: glowing, studying Long Blades, very slow
A: almost no armour, amphibious, 8 rings, camouflage 1, gelatinous body 1,
(nimble swimmer 1), tentacles
}: 2/15 runes: barnacled, gossamer
a: Renounce Religion, Bend Time, Temporal Distortion, Slouch, Step From Time


You were on level 4 of the Vaults.
You worshipped Cheibriados.
Cheibriados was exalted by your worship.
You visited 7 branches of the dungeon, and saw 36 of its levels.
You visited 1 bazaar.
You also visited: Bailey.

You collected 3354 gold pieces.
You spent 2568 gold pieces at shops.

Inventory:

Missiles
 n - 7 curare-tipped darts
 x - 5 throwing nets
Jewellery
 i - a ring of resist corrosion
 j - a +4 ring of slaying (right tentacle)
 C - the ring of the Mage (on tentacle) {Wiz Archmagi}
   (You bought it in a shop on level 13 of the Dungeon)

   [ring of wizardry]

   It improves your spell success rate.
   Archmagi:  It increases the power of your magical spells.
 H - a ring of protection from cold (on tentacle)
 J - an amulet of regeneration
 N - a ring of protection from fire
 P - a ring of willpower (on tentacle)
 R - a +6 ring of strength (on tentacle)
 S - an amulet of the acrobat (around mantle)
 V - a ring of willpower (on tentacle)
 W - a ring of protection from fire (left tentacle)
 Y - a +6 ring of strength (on tentacle)
Wands
 A - a wand of digging (3)
 B - a wand of acid (7)
 E - a wand of flame (37)
 F - a wand of charming (17)
 K - a wand of mindburst (10)
 M - a wand of roots (17)
 O - a wand of polymorph (5)
Scrolls
 a - 7 scrolls of identify {!d}
 b - 2 scrolls of blinking {!d}
 c - 13 scrolls of teleportation {!d!d}
 d - 4 scrolls of magic mapping {!d}
 e - 6 scrolls of poison
 f - 2 scrolls of fog
 g - 6 scrolls of amnesia
 h - 3 scrolls of enchant armour
 k - 3 scrolls of torment
 l - 2 scrolls of immolation {!r}
 I - 9 scrolls of vulnerability
 L - 4 scrolls of noise
 Q - a scroll of summoning
 X - 3 scrolls of silence {!r}
Potions
 m - 8 potions of might
 o - 7 potions of mutation {!q!d}
 p - 4 potions of invisibility {!d}
 q - 5 potions of magic {!d}
 r - 3 potions of cancellation {!q!d}
 s - 9 potions of resistance {!d}
 t - 10 potions of brilliance {!d}
 u - 10 potions of ambrosia {!d}
 v - 7 potions of curing {!d}
 w - 10 potions of heal wounds {!d}
 y - 6 potions of haste {!q}
 z - 2 potions of berserk rage {!q}
 D - 9 potions of degeneration
 G - 6 potions of attraction
 Z - 3 potions of flight
Miscellaneous
 T - a condenser vane
 U - a box of beasts


   Skills:
 - Level 16.0 Fighting
 - Level 13.0 Dodging
 - Level 2.0 Stealth
 - Level 18.0 Unarmed Combat
 * Level 12.5 Spellcasting
 - Level 11.0 Translocations
 * Level 15.3 Transmutations
 - Level 5.0 Ice Magic
 * Level 13.0 Earth Magic
 - Level 1.0 Poison Magic
 - Level 13.0 Invocations


You had 26 spell levels left.
You knew the following spells:

 Your Spells              Type           Power      Damage    Failure   Level
a - Blink                 Tloc           100%       N/A       0%          2
b - Wereblood             Tmut           100%       N/A       0%          2
d - Ice Form              Ice/Tmut       100%       N/A       1%          4
f - Statue Form           Tmut/Erth      78%        N/A       1%          6
r - Manifold Assault      Tloc           100%       N/A       1%          5

Your spell library contained the following spells:

 Spells                   Type           Power      Damage    Failure   Level
 Beastly Appendage        Tmut           100%       N/A       0%          1
 Foxfire                  Conj/Fire      100%       2x1d9     1%          1
 Necrotise                Necr           100%       1d9       1%          1
 Shock                    Conj/Air       100%       1d9       1%          1
 Summon Small Mammal      Summ           100%       N/A       1%          1
 Call Imp                 Summ           37%        N/A       1%          2
 Static Discharge         Conj/Air       37%        3-8/arc   1%          2
 Sublimation of Blood     Necr           37%        N/A       1%          2
 Call Canine Familiar     Summ           37%        N/A       1%          3
 Confusing Touch          Hex            37%        N/A       1%          3
 Conjure Flame            Conj/Fire      37%        6-21      1%          3
 Dazzling Flash           Conj/Hex       74%        N/A       1%          3
 Frozen Ramparts          Ice            100%       1d12      1%          3
 Gell's Gravitas          Tloc           100%       N/A       1%          3
 Ignite Poison            Fire/Tmut/Pois 80%        N/A       1%          3
 Inner Flame              Hex/Fire       37%        N/A       1%          3
 Lesser Beckoning         Tloc           100%       N/A       1%          3
 Mephitic Cloud           Conj/Pois/Air  41%        N/A       1%          3
 Portal Projectile        Hex/Tloc       100%       N/A       1%          3
 Spider Form              Tmut/Pois      94%        N/A       1%          3
 Summon Guardian Golem    Hex/Summ       37%        N/A       1%          3
 Swiftness                Air            37%        N/A       1%          3
 Teleport Other           Tloc           100%       N/A       1%          3
 Tukima's Dance           Hex            37%        N/A       1%          3
 Vampiric Draining        Necr           37%        2d8       1%          3
 Iskenderun's Mystic Bla  Conj/Tloc      81%        2d16      1%          4
 Leda's Liquefaction      Hex/Erth       43%        N/A       1%          4
 Petrify                  Tmut/Erth      100%       N/A       1%          4
 Summon Ice Beast         Ice/Summ       62%        N/A       1%          4
 Blade Hands              Tmut           61%        N/A       1%          5
 Borgnjor's Vile Clutch   Necr/Erth      43%        N/A       1%          5
 Yara's Violent Unravell  Hex/Tmut       46%        3d18      1%          5
 Dispersal                Tloc           53%        N/A       1%          6
 Corpse Rot               Necr/Pois/Air  41%        N/A       4%          4
 Metabolic Englaciation   Hex/Ice        31%        N/A       5%          5
 Airstrike                Air            18%        0-7+      6%          4
 Anguish                  Hex/Necr       18%        N/A       6%          4
 Animate Dead             Necr           37%        N/A       6%          4
 Cause Fear               Hex            18%        N/A       6%          4
 Dispel Undead            Necr           37%        3d15      6%          4
 Flame Wave               Conj/Fire      37%        2d9       6%          4
 Sticky Flame             Conj/Fire      37%        2d6       6%          4
 Freezing Cloud           Conj/Ice/Air   27%        6-21      8%          5
 Agony                    Necr           37%        N/A       16%         5
 Fireball                 Conj/Fire      18%        3d9       16%         5
 Lightning Bolt           Conj/Air       18%        1d33      16%         5
 Silence                  Hex/Air        18%        N/A       16%         5
 Disjunction              Tloc           53%        N/A       36%         8
 Malign Gateway           Summ/Tloc      40%        N/A       43%         7
 Death Channel            Necr           18%        N/A       61%         6
 Starburst                Conj/Fire      18%        6d7       61%         6
 Enfeeble                 Hex            18%        N/A       98%         7
 Haunt                    Necr/Summ      18%        N/A       98%         7
 Orb of Destruction       Conj           18%        9d8       98%         7
 Spellforged Servitor     Conj/Summ      18%        N/A       98%         7
 Summon Hydra             Summ           18%        N/A       98%         7
 Discord                  Hex            18%        N/A       100%        8
 Maxwell's Capacitive Co  Air            18%        ∞         100%        8
 Summon Horrible Things   Summ           18%        N/A       100%        8
 Dragon's Call            Summ           18%        N/A       100%        9


Dungeon Overview and Level Annotations

Branches:
Dungeon (15/15) Zot: 38222  Temple (1/1) D:6 Zot: 8949    Lair (6/6) D:9 Zot: 33205
 Shoals (4/4) Lair:2 Zot: 21985  Spider (4/4) Lair:4 Zot: 23946   Slime (0/5) Lair:5
    Orc (2/2) D:12 Zot: 14280     Elf (0/3) Orc:2        Vaults (4/5) D:14 Zot: 24106
  Crypt (0/3) Vaults:2     Depths (0/4) D:15         Bailey (visited)

Altars:
Ashenzari
Cheibriados
Dithmenos
Elyvilon
Fedhas
Gozag
Hepliaklqana
Kikubaaqudgha
Makhleb
Nemelex Xobeh
Okawaru
Qazlal
Ru
Sif Muna
Trog
Uskayaw
Vehumet
Wu Jian
Xom
Yredelemnul
Zin
The Shining One
Jiyva

Shops:
D:4 !   D:11 [   D:13 =   Orc:2 (![   Shoals:3 *   Shoals:4 *   Vaults:1 (
Vaults:2 [(   Vaults:4 =

Portals:
Bazaar: Vaults:2
Trove: D:11 (give +6 demon whip)

Annotations:
D:10 exclusion: upstairs
D:12 4 transporters
Temple 2 transporters
Lair:2 exclusion: 2 downstairs
Lair:3 1 exclusion
Lair:5 2 transporters, Devyomi's ghost, journeyman GrBe
Shoals:1 6 transporters
Vaults:4 Mennas


Innate Abilities, Weirdness & Mutations

You cannot wear most types of armour.
You are amphibious.
You can wear up to eight rings at the same time.
Your skin changes colour to match your surroundings (Stealth+).
Your rubbery body absorbs attacks. (AC +1, EV +1)
((You are camouflaged when in or above water. (Stealth+)))
You have tentacles for arms and can constrict up to eight enemies at once.


Message History

Mennas gestures frantically.
Mennas's surroundings become eerily quiet.
Mennas is nearby!
Unknown command.
You cannot cast spells when silenced!
There is an open door here.
There's a creature in the doorway!
Mennas blocks your attack.
Your grab misses Mennas. You squeeze Mennas!!
Mennas is lightly wounded.
Mennas hits you with a +1 eudemon blade of holy wrath!!
Mennas completely misses you.
Magic scrolls do not work when you're silenced!
Okay, then.
You batter Mennas!! You grab Mennas.
Mennas is moderately wounded.
You constrict Mennas.
Mennas hits you with a +1 eudemon blade of holy wrath!!
Mennas hits you with a +1 eudemon blade of holy wrath!
You feel much better.
You constrict Mennas!
Mennas hits you with a +1 eudemon blade of holy wrath!
Mennas misses you. Mennas blocks your attack.
Mennas is moderately wounded.
You constrict Mennas.
Mennas is caught in a moment of prayer.
Mennas hits you with a +1 eudemon blade of holy wrath!!
Mennas misses you.
You feel much better.
You constrict Mennas!
Mennas hits you with a +1 eudemon blade of holy wrath!!
Mennas hits you with a +1 eudemon blade of holy wrath!
Mennas misses you.
Mennas hits you with a +1 eudemon blade of holy wrath!!
* * * LOW HITPOINT WARNING * * *
Okay, then.
Okay, then.
You feel much better.
You constrict Mennas!
Mennas becomes audible again.
Mennas hits you with a +1 eudemon blade of holy wrath!!
* * * LOW HITPOINT WARNING * * *
Mennas hits you with a +1 eudemon blade of holy wrath!!
You die...

#######''##########+######
...........(.............#
.........................#
##.......................#
.#......=................#
.'.......................#
.#...########............#
.#...#......'............#
.#...#......#...@........#
.#...#......#.##A######..#
.#...#......#.#.......#..#
##...#......#.#.......#..#
.....#......#.#.......#..#
)....########.#.......#..#
..............#.......#..#
..............#.......#..#
..............#.......#..#


You could see Mennas.

Vanquished Creatures
  Saint Roka (Vaults:4)
  Arachne (Spider:3)
  Jorgrun (D:15)
  Mlioglotl (Shoals:3)
  A kraken (Shoals:4)
  3 sphinxes
  Kirke (D:14)
  Donald (Shoals:1)
  Roxanne (Shoals:1)
  16 vault wardens
  Ilsuiw (Shoals:3)
  10 emperor scorpions
  Louise (Spider:2)
  Aizul (Spider:3)
  4 orc warlords
  3 ghost moths
  14 ironbound preservers
  2 war gargoyles (Vaults:1)
  10 ironbound thunderhulks
  5 very ugly things (Vaults:2)
  A broodmother (Spider:4)
  Azrael (Spider:2)
  4 entropy weavers
  15 dire elephants
  A spark wasp (Spider:2)
  3 merfolk javelineers
  4 crystal guardians
  The ghost of gobodom the Thaumaturge, a journeyman DsFE of Makhleb (Lair:6)
  3 yaktaur captains
  24 vault guards
  9 merfolk impalers
  3 great orbs of eyes
  A fire dragon (D:14)
  Fannar (Lair:1)
  A deep elf high priest (Vaults:1)
  11 hydras
  Erolcha (D:12)
  9 boulder beetles
  3 peacekeepers
  2 jorogumos
  2 alligator snapping turtles
  3 radroaches
  4 ogre magi
  4 merfolk aquamancers (Shoals:4)
  8 ironbound frosthearts
  A catoblepas (D:12)
  11 centaur warriors
  Erica (Orc:1)
  A satyr (shapeshifter) (D:15)
  4 satyrs
  2 death knights (Vaults:2)
  2 tengu warriors
  2 merfolk avatars (Shoals:2)
  12 two-headed ogres
  16 death yaks
  Urug (Lair:3)
  Sonja (Lair:4)
  A shadow wraith (Vaults:2)
  A deep elf knight (D:12)
  A skeletal warrior (D:12)
  6 pharaoh ants
  A goliath frog (Lair:6)
  10 steelbarb worms
  A sun moth (Spider:2)
  7 sea snakes
  A flayed ghost (Vaults:1)
  10 orb spiders
  37 deep trolls
  25 harpies
  15 ironbound convokers
  A tengu zombie (Vaults:2)
  5 wizards
  Pikel (D:4)
  A phantasmal warrior (Vaults:1)
  10 orc knights
  5 lindwurms
  A necromancer (Vaults:2)
  12 cyclopes
  3 deep elf pyromancers
  15 wolf spiders
  6 orc sorcerers
  16 manticores
  15 fauns
  A moth of wrath (shapeshifter) (Spider:4)
  9 elephants
  A stone giant zombie (Vaults:2)
  Maurice (Orc:1)
  3 moths of wrath
  6 merfolk sirens
  32 ugly things
  14 vault sentinels
  7 black mambas
  5 water nymphs
  4 torpor snails
  5 gargoyles
  The ghost of zhov the Jinx, a novice SpAM of Gozag (D:7)
  20 cane toads
  29 yaktaurs
  3 unseen horrors
  4 demonic crawlers
  A kobold demonologist (D:12)
  2 freezing wraiths
  10 komodo dragons
  A tengu conjurer (D:12)
  5 rime drakes
  3 meliai (Spider:2)
  22 trolls
  30 merfolk
  8 wind drakes
  2 polar bears
  A hornet (D:9)
  3 tyrant leeches (Lair:6)
  17 tarantellas
  13 dream sheep
  31 blink frogs
  10 snapping turtles
  41 slime creatures
  20 jumping spiders
  A centaur simulacrum (D:12)
  22 culicivoras
  6 water elementals
  Sigmund (D:6)
  5 shadows
  7 wyverns
  3 wraiths
  A hog (D:14)
  14 basilisks
  Eustachio (D:4)
  62 yaks
  2 vampires (D:11)
  50 redbacks
  3 fire elementals (Spider:2)
  2 steam dragons
  Menkaure (D:4)
  9 vampire mosquitoes
  3 wargs
  Edmund (D:4)
  A glowing shapeshifter zombie (Vaults:2)
  28 water moccasins
  An acid dragon (D:12)
  4 hell hounds (Spider:2)
  Duvessa (D:4)
  23 orc warriors
  A sky beast (D:8)
  A human zombie (Vaults:2)
  6 black bears
  8 wolves
  A boggart (Vaults:1)
  29 ogres
  9 centaurs
  4 lemures
  2 kobold brigands (D:8)
  Blork the orc (D:4)
  4 necrophages
  19 bullfrogs
  A gnoll sergeant (D:12)
  A wyvern zombie (D:7)
  5 scorpions
  13 wights
  Dowan (D:4)
  4 killer bees (D:10)
  12 howler monkeys
  8 vampire bats (Bailey)
  3 electric eels
  6 wolf zombies (Bailey)
  A centaur zombie (D:7)
  2 hounds
  4 jellies
  11 orc priests
  3 iguanas
  Natasha (thrice) (D:4)
  12 orc wizards
  17 hell rats
  Robin (D:2)
  23 orc zombies (Bailey)
  11 adders
  A gnoll (D:5)
  A shadow imp (D:5)
  A white imp (D:5)
  2 worms (D:3)
  A dart slug (D:4)
  51 orcs
  13 endoplasms
  4 giant cockroaches
  A gnoll zombie (D:4)
  14 goblins
  10 hobgoblins
  3 quokkas
  9 ball pythons
  5 bats
  4 frilled lizards
  13 kobolds
  3 rats
  A rat zombie (D:4)
  3 plants (Shoals:4)
  A tentacle (Shoals:4)
1443 creatures vanquished.

Vanquished Creatures (collateral kills)
  An orc (D:4)
1 creature vanquished.

Vanquished Creatures (others)
  A human (D:14)
  A bush (Lair:5)
  66 fungi
  252 plants
  7 tentacles (Shoals:4)
327 creatures vanquished.

Grand Total: 1771 creatures vanquished

Notes
Turn   | Place    | Note
-------+----------+-------------------------------------------
     0 | D:1      | buhh the Octopode Transmuter began the quest for the Orb.
     0 | D:1      | Reached XP level 1. HP: 13/13 MP: 3/3
   278 | D:1      | Reached skill level 1 in Stealth
   278 | D:1      | Reached skill level 1 in Poison Magic
   278 | D:1      | Reached XP level 2. HP: 18/18 MP: 3/5
  1157 | D:1      | Reached XP level 3. HP: 23/23 MP: 4/6
  1186 | D:2      | Found a blossoming altar of Fedhas.
  1232 | D:2      | Noticed Robin
  1251 | D:2      | Killed Robin
  1872 | D:2      | Reached XP level 4. HP: 19/29 MP: 5/7
  3262 | D:3      | Found a faded altar of an unknown god.
  3525 | D:4      | Noticed Natasha
  3545 | D:4      | Reached XP level 5. HP: 35/35 MP: 8/8
  3564 | D:4      | Noticed Menkaure
  3575 | D:4      | Killed Menkaure
  3576 | D:4      | Reached skill level 4 in Unarmed Combat
  3576 | D:4      | Reached XP level 6. HP: 42/42 MP: 9/9
  3626 | D:4      | Noticed Duvessa
  3626 | D:4      | Noticed a black bear
  3643 | D:3      | Learned a level 2 spell: Wereblood
  3647 | D:3      | Learned a level 3 spell: Spider Form
  3666 | D:4      | Noticed Edmund
  3694 | D:4      | Killed Natasha
  3729 | D:4      | Killed Edmund
  3736 | D:4      | Noticed Pikel
  3783 | D:4      | Found a sand-covered staircase.
  3801 | D:4      | Killed a black bear
  3802 | D:4      | Reached skill level 5 in Unarmed Combat
  3802 | D:4      | Reached XP level 7. HP: 9/48 MP: 3/10
  4196 | D:4      | Noticed Natasha
  4204 | D:4      | Killed Natasha
  4231 | D:4      | Noticed Blork the orc
  4246 | D:4      | Killed Blork the orc
  4670 | D:5      | Entered Level 5 of the Dungeon
  4689 | D:5      | Reached skill level 5 in Dodging
  4799 | D:5      | Reached XP level 8. HP: 49/54 MP: 8/11
  4837 | D:5      | Reached skill level 5 in Fighting
  4902 | D:5      | Got the Compendium of the Escort
  4991 | D:5      | Found a broken altar of Ashenzari.
  5029 | D:5      | Found a blossoming altar of Fedhas.
  5048 | D:5      | Reached skill level 6 in Unarmed Combat
  6112 | D:6      | Reached skill level 1 in Ice Magic
  6129 | D:6      | Found a white marble altar of Elyvilon.
  6511 | D:6      | Learned a level 4 spell: Ice Form
  6774 | D:6      | Found a staircase to the Ecumenical Temple.
  6782 | Temple   | Entered the Ecumenical Temple
  6782 | Temple   | Found a transporter.
  6782 | Temple   | Found a transporter.
  6784 | Temple   | Found a transporter.
  6784 | Temple   | Found a transporter.
  6847 | D:6      | Noticed Sigmund
  6948 | D:6      | Reached XP level 9. HP: 62/62 MP: 7/12
  7355 | D:4      | Found an iron altar of Okawaru.
  7371 | D:4      | Noticed Eustachio
  7570 | D:7      | Found a flagged portal.
  7660 | Bailey   | Entered a bailey
  8780 | Bailey   | Reached skill level 5 in Transmutations
  9007 | Bailey   | Reached skill level 5 in Ice Magic
  9183 | Bailey   | Identified the +2 morningstar "Niucrex" {flame, rElec
                  | Will++ Str+2 Int-4}
  9184 | Bailey   | Identified the +0 pair of boots of Exclusion {SInv}
  9415 | Bailey   | Noticed a gargoyle
  9425 | Bailey   | Killed a gargoyle
  9697 | Bailey   | Identified the +2 robe "Uvavvout" {Harm Regen+ Slay-2
                  | Stlth+}
 10138 | D:7      | Found a runed translucent gate.
 10138 | D:7      | Found a runed translucent gate.
 10138 | D:7      | Found a runed translucent gate.
 10138 | D:7      | Noticed zhov's ghost (novice SpAM)
 10180 | D:7      | Found a basalt altar of Yredelemnul.
 10569 | D:7      | Found a snail-covered altar of Cheibriados.
 10575 | D:7      | Reached XP level 10. HP: 64/69 MP: 6/13
 10582 | D:7      | Became a worshipper of Cheibriados the Contemplative
 10670 | D:7      | Found a glowing golden altar of the Shining One.
 11070 | D:7      | Reached skill level 7 in Unarmed Combat
 11652 | D:8      | Found a shadowy altar of Dithmenos.
 12272 | D:8      | Found a radiant altar of Vehumet.
 12515 | D:9      | Noticed a death yak
 12515 | D:9      | Noticed a death yak
 12515 | D:9      | Noticed a death yak
 12515 | D:9      | Noticed a death yak
 12516 | D:9      | Noticed a death yak
 12516 | D:9      | Noticed a death yak
 12516 | D:9      | Noticed a death yak
 12541 | D:8      | Killed a death yak
 12541 | D:8      | Reached * piety under Cheibriados
 13583 | D:9      | Reached skill level 8 in Unarmed Combat
 13871 | D:9      | Reached XP level 11. HP: 66/77 MP: 10/14
 14437 | D:9      | Found a staircase to the Lair.
 14446 | Lair:1   | Entered Level 1 of the Lair of Beasts
 15066 | Lair:1   | Noticed Fannar
 15085 | Lair:1   | Killed Fannar
 15336 | Lair:1   | Reached skill level 9 in Unarmed Combat
 16257 | Lair:1   | Reached ** piety under Cheibriados
 16700 | Lair:2   | Reached XP level 12. HP: 72/85 MP: 10/15
 17143 | Lair:2   | Reached skill level 10 in Dodging
 17143 | Lair:2   | Reached skill level 10 in Unarmed Combat
 17658 | Lair:3   | Noticed Urug
 18787 | Lair:3   | Reached *** piety under Cheibriados
 18799 | Lair:3   | Reached skill level 10 in Transmutations
 19938 | Lair:3   | Reached skill level 1 in Invocations
 20034 | D:9      | Found a hazy altar of Hepliaklqana.
 20380 | D:10     | Entered Level 10 of the Dungeon
 20447 | D:10     | Reached **** piety under Cheibriados
 20519 | D:10     | Found a bloodstained altar of Trog.
 21955 | D:9      | Reached skill level 11 in Unarmed Combat
 21999 | D:9      | Killed a death yak
 22003 | D:9      | Killed a death yak
 22004 | D:9      | Killed a death yak
 22004 | D:9      | Killed a death yak
 22005 | D:9      | Reached XP level 13. HP: 24/90 MP: 16/16
 22789 | D:12     | Found a transporter.
 22832 | D:12     | Paralysed by an ogre mage for 3 turns
 22836 | D:12     | Reached skill level 5 in Invocations
 22856 | D:12     | Reached skill level 12 in Unarmed Combat
 22858 | D:12     | Noticed Erolcha
 22871 | D:12     | Noticed an ettin
 22871 | D:12     | Identified the +1 plate armour of Wuulin {rN+}
 22873 | D:12     | Noticed a great orb of eyes
 22888 | D:12     | Found a transporter.
 22937 | D:12     | Reached ***** piety under Cheibriados
 23351 | D:12     | Found a transporter.
 23468 | D:13     | Found Pilinn's Jewellery Shop.
 23702 | D:12     | Killed a great orb of eyes
 23708 | D:12     | Reached skill level 13 in Unarmed Combat
 24251 | D:11     | Reached XP level 14. HP: 97/97 MP: 17/21
 24314 | D:11     | Found Tuskosh's Antique Armour Emporium.
 24317 | D:11     | Identified the +5 scale mail of Gravity {Rampage rCorr
                  | Str+3}
 24574 | D:11     | Found a portal to a secret trove of treasure.
 24590 | D:11     | Reached skill level 10 in Invocations
 25983 | Lair:4   | Found a hole to the Spider Nest.
 26454 | Lair:4   | Noticed Sonja
 26455 | Lair:4   | Killed Sonja
 27346 | Lair:5   | Reached skill level 10 in Fighting
 27952 | Lair:5   | Found a transporter.
 27985 | Lair:5   | Noticed Devyomi's ghost (journeyman GrBe)
 27993 | Lair:5   | Found a transporter.
 28274 | Lair:5   | Found a staircase to the Slime Pits.
 28275 | Lair:5   | Found a viscous altar of Jiyva.
 28766 | Lair:6   | Entered Level 6 of the Lair of Beasts
 28958 | Lair:6   | Reached XP level 15. HP: 28/108 MP: 19/24
 30089 | Lair:6   | Found a large runed translucent door.
 30089 | Lair:6   | Found a large runed translucent door.
 30089 | Lair:6   | Noticed gobodom's ghost (journeyman DsFE)
 30235 | Lair:6   | Reached ****** piety under Cheibriados
 31183 | Lair:6   | Killed gobodom's ghost
 31189 | Lair:6   | Got Tuciryr's Second Course in Wizardry
 32240 | D:12     | Reached skill level 15 in Fighting
 32288 | D:12     | Identified the +1 buckler of Morphalyck {Harm rC++}
 32456 | D:12     | Found a staircase to the Orcish Mines.
 32730 | D:12     | Found a transporter.
 32877 | D:12     | Killed Erolcha
 33954 | D:13     | Bought the ring of the Mage {Wiz Archmagi} for 969 gold
                  | pieces
 33954 | D:13     | Found the ring of the Mage {Wiz Archmagi}
 34071 | Orc:1    | Entered Level 1 of the Orcish Mines
 34199 | Orc:1    | Noticed Erica
 34206 | Orc:1    | Killed Erica
 34207 | Orc:1    | Reached skill level 1 in Translocations
 34402 | Orc:2    | Entered Level 2 of the Orcish Mines
 34431 | Orc:2    | Noticed an orc warlord
 34438 | Orc:2    | Reached XP level 16. HP: 103/124 MP: 9/25
 34997 | Orc:2    | Found a staircase to the Elven Halls.
 35043 | Orc:2    | Found Jiaso's Distillery.
 35045 | Orc:2    | Found Nufrip Zera's Antique Weapon Shop.
 35550 | Orc:2    | Learned a level 5 spell: Manifold Assault
 35589 | Orc:2    | Found an iron altar of Okawaru.
 36301 | Orc:2    | Found Zedeesuz's Distillery.
 36303 | Orc:2    | Bought 2 potions of heal wounds for 100 gold pieces
 36303 | Orc:2    | Bought a potion of heal wounds for 50 gold pieces
 36303 | Orc:2    | Bought a potion of resistance for 100 gold pieces
 36303 | Orc:2    | Bought a potion of resistance for 100 gold pieces
 36303 | Orc:2    | Bought a potion of invisibility for 80 gold pieces
 36303 | Orc:2    | Bought a potion of curing for 30 gold pieces
 36303 | Orc:2    | Bought a potion of cancellation for 80 gold pieces
 36303 | Orc:2    | Bought 2 potions of brilliance for 80 gold pieces
 36303 | Orc:2    | Bought a potion of brilliance for 40 gold pieces
 36314 | Orc:2    | Reached skill level 5 in Translocations
 36392 | Orc:2    | Found Biedd's Antique Armour Boutique.
 36408 | Orc:2    | Bought a potion of magic for 96 gold pieces
 36408 | Orc:2    | Bought a potion of curing for 36 gold pieces
 36408 | Orc:2    | Bought a potion of curing for 36 gold pieces
 36408 | Orc:2    | Bought a potion of curing for 36 gold pieces
 36524 | Orc:1    | Noticed Maurice
 36535 | Orc:1    | Killed Maurice
 37550 | Lair:3   | Killed Urug
 37989 | Lair:2   | Found a staircase to the Shoals.
 38085 | Shoals:1 | Entered Level 1 of the Shoals
 38421 | Shoals:1 | Noticed Donald
 38426 | Shoals:1 | Killed Donald
 39004 | Shoals:1 | Found a transporter.
 39009 | Shoals:1 | Found a transporter.
 39244 | Shoals:1 | Noticed Roxanne
 39256 | Shoals:1 | Killed Roxanne
 39759 | Shoals:1 | Reached skill level 1 in Earth Magic
 40002 | Shoals:1 | Learned a level 6 spell: Statue Form
 40175 | Shoals:1 | Found a transporter.
 40181 | Shoals:1 | Found a transporter.
 40673 | Shoals:1 | Identified the +7 sling of Spores {speed, Drain rCorr Int+4
                  | Dex+6}
 40868 | Shoals:1 | Found a transporter.
 40870 | Shoals:1 | Found a transporter.
 41128 | Spider:1 | Entered Level 1 of the Spider Nest
 41146 | Spider:1 | Reached skill level 5 in Earth Magic
 41243 | Lair:4   | Reached XP level 17. HP: 129/129 MP: 2/26
 42585 | Spider:1 | Identified the +2 helmet of the Sun {rElec Will+ Str-5}
 43747 | Spider:2 | Noticed Azrael
 43752 | Spider:2 | Killed Azrael
 43965 | Spider:2 | Noticed Louise
 43972 | Spider:2 | Killed Louise
 44700 | Spider:3 | Noticed Arachne
 44707 | Spider:3 | Killed Arachne
 45521 | Spider:3 | Noticed Aizul
 45529 | Spider:3 | Killed Aizul
 45717 | Spider:3 | Reached skill level 10 in Translocations
 46494 | Spider:4 | Entered Level 4 of the Spider Nest
 47685 | Shoals:2 | Reached skill level 10 in Earth Magic
 48746 | Shoals:3 | Reached XP level 18. HP: 108/135 MP: 4/27
 49621 | Shoals:3 | Found Nizuhiep's Needful Niceties.
 49629 | Shoals:3 | Bought a scroll of noise for 17 gold pieces
 49674 | Shoals:4 | Entered Level 4 of the Shoals
 50792 | Shoals:3 | Noticed Mlioglotl
 50795 | Shoals:3 | Noticed Ilsuiw
 50796 | Shoals:3 | Killed Mlioglotl
 51002 | Shoals:3 | Killed Ilsuiw
 51327 | Shoals:4 | Reached skill level 14 in Unarmed Combat
 52463 | Shoals:4 | Found Olomusorgh's Assorted Antiques.
 52473 | Shoals:4 | Got a barnacled rune of Zot
 54144 | Spider:4 | Reached skill level 15 in Unarmed Combat
 55924 | Spider:4 | Reached XP level 19. HP: 141/141 MP: 5/28
 56846 | Spider:4 | Got a gossamer rune of Zot
 57423 | D:4      | Killed Pikel
 57527 | D:4      | Found Wuliup's Distillery.
 57556 | D:4      | Bought a potion of heal wounds for 70 gold pieces
 57556 | D:4      | Bought a potion of mutation for 112 gold pieces
 57556 | D:4      | Bought 2 potions of ambrosia for 224 gold pieces
 57556 | D:4      | Bought a potion of brilliance for 56 gold pieces
 57556 | D:4      | Bought a potion of brilliance for 56 gold pieces
 57678 | D:4      | Noticed Natasha
 57700 | D:4      | Killed Natasha
 57765 | D:4      | Killed Eustachio
 57823 | D:4      | Noticed Dowan
 57826 | D:4      | Killed Duvessa
 57827 | D:4      | Killed Dowan
 58124 | D:6      | Killed Sigmund
 58433 | D:6      | Reached skill level 5 in Spellcasting
 58541 | D:7      | Killed zhov's ghost
 58706 | D:14     | Identified the +1 leather armour of Hairy Surprise
                  | {*Corrode rElec Dex+4}
 59054 | D:14     | Noticed Kirke
 59061 | D:14     | Killed Kirke
 59213 | D:14     | Reached skill level 16 in Unarmed Combat
 59364 | D:14     | Found a hazy altar of Hepliaklqana.
 59391 | D:14     | Identified the +6 rapier "Murch" {flame, Int+3}
 59853 | D:14     | Found a gate to the Vaults.
 59976 | D:15     | Entered Level 15 of the Dungeon
 59987 | D:15     | Noticed Jorgrun
 60149 | D:15     | Killed Jorgrun
 60963 | D:15     | Found a staircase to the Depths.
 61265 | Vaults:1 | Entered Level 1 of the Vaults
 61766 | Vaults:1 | Reached skill level 17 in Unarmed Combat
 62746 | Vaults:1 | Reached XP level 20. HP: 147/147 MP: 1/32
 63049 | Vaults:1 | Found Ezuyzoarie's Weapon Boutique.
 63564 | Vaults:2 | Found Loneuw's Armour Shop.
 63728 | Vaults:2 | Reached skill level 18 in Unarmed Combat
 63788 | Vaults:2 | Learned a level 2 spell: Blink
 63795 | Vaults:2 | Reached skill level 10 in Spellcasting
 63815 | Vaults:2 | Found Boru's Antique Weapon Shoppe.
 64454 | Vaults:2 | Found a staircase to the Crypt.
 65544 | Vaults:2 | Found a gateway to a bazaar.
 65687 | Vaults:3 | Reached XP level 21. HP: 153/153 MP: 29/36
 67237 | Vaults:4 | Reached skill level 15 in Transmutations
 67273 | Vaults:4 | Found a flickering gateway to a bazaar.
 67279 | Bazaar   | Entered a bazaar
 67279 | Bazaar   | Found Henopra's Antique Armour Boutique.
 67279 | Bazaar   | Found Peidipur's Armour Boutique.
 67279 | Bazaar   | Found Meihidd's Magic Scroll Shop.
 67279 | Bazaar   | Found Nogri's Book Shop.
 67298 | Bazaar   | Bought 3 scrolls of teleportation for 144 gold pieces
 67298 | Bazaar   | Bought a scroll of poison for 56 gold pieces
 67859 | Vaults:4 | Noticed Saint Roka
 67864 | Vaults:4 | Killed Saint Roka
 68052 | Vaults:4 | Found Dunewk's Jewellery Boutique.
 68292 | Vaults:4 | Noticed Mennas
 68300 | Vaults:4 | Mangled by Mennas

Illustrated notes

Levels and vault maps discovered:
D:1:      dpeg_arrival_more_subterranean_lakeside_camping, layout_loops_ring,
          chequers_big_river, nrook_mini_vaults
D:2:      wad_crossroads, layout_basic, basic_altar, serial_glass,
          glass_columns_a, glass_columns_a, uniq_robin
D:3:      layout_loops_cross, shapermc_ecumenical_altar_hornbeckon
D:4:      layout_cave_pools, general_overflow_altar, enter_ossuary_3,
          serial_shops, nicolae_shop_trees, minivault_4, uniq_edmund,
          uniq_pikel, uniq_natasha, uniq_menkaure, uniq_duvessa,
          uniq_blork_the_orc, uniq_eustachio
D:5:      layout_loops_corners, ashenzari_conservatory_becter,
          mainiacjoe_overflow_paths, minmay_fractal_squares_diagonal_5
D:6:      layout_basic, nicolae_elyvilon_peaceful_grove, temple_green,
          uniq_sigmund
D:7:      layout_cave_pods, nicolae_yredelemnul_ghost_church,
          mainiacjoe_overflow_two_lobes, enter_bailey_4
D:8:      layout_basic, kennysheep_mini, kennysheep_mini_moat,
          blue_anna_alchemist
D:9:      lemuel_troll_bridge, layout_basic, mainiacjoe_overflow_brackets,
          dpeg_lair_monsters
D:10:     layout_loops_ring, mainiacjoe_overflow_catwalk, corner_web_ring
D:11:     layout_irregular_city, nicolae_trove_entry_isolated, serial_shops,
          shop, kennysheep_generic_room_15
D:12:     minmay_heptahexagon, layout_loops_corners, orc_0_dummy,
          nicolae_transporter_intersection, uniq_erolcha
D:13:     layout_cave_pools, serial_shops, shop_statue
D:14:     layout_loops_ring, david_vaults_5, nicolae_hepliaklqana_hippocampus,
          uniq_kirke
D:15:     hangedman_depths_entry_try_elsewhere_first, layout_long_grid,
          hangedman_abyss_or_decor_clamps, uniq_jorgrun
Temple:   hellmonk_temple_divided_pantheon
Lair:1:   hellmonk_ruined_rings, layout_gridlike, uniq_fannar
Lair:2:   layout_chaotic_city, minmay_shoals_entry_hut,
          cheibrodos_lair_reptile_den, lemuel_fruit_tree
Lair:3:   dreamdust_cave_troll, layout_big_grid, grunt_megastairs_4, uniq_urug
Lair:4:   layout_cellular_growth, hellmonk_spider_entry_life_and_decay,
          serial_bayou_pond_d, uniq_sonja
Lair:5:   layout_roguey [special_room_mythical_zoo], slime_entry_1,
          gammafunk_ghost_arena
Lair:6:   minmay_lair_end_frog_pond, layout_regular_city,
          ebering_ghost_disaster_area, st_stairs_5,
          chequers_serial_rivers_room_b, serial_bayou_shore_b
Shoals:1: layout_shoals, serial_nicolae_subway, nicolae_sub_station_stone,
          nicolae_sub_station_metal, nicolae_sub_station_crystal, uniq_roxanne,
          uniq_donald
Shoals:2: layout_shoals
Shoals:3: layout_shoals, nicolae_alphabet_shops, nicolae_shoals_loop_pool,
          uniq_ilsuiw, uniq_mlioglotl
Shoals:4: shoals_end_simple, layout_shoals, serial_shops,
          nicolae_shop_waterfront
Spider:1: layout_spider_delve, nicolae_spider_moth_buddies
Spider:2: layout_spider_delve, uniq_louise, uniq_azrael
Spider:3: layout_spider_delve, nicolae_spider_wall_of_niches, uniq_aizul,
          uniq_arachne
Spider:4: grunt_spider_rune_circles, hellmonk_deceptive_appearances
Orc:1:    layout_caves, uniq_maurice, uniq_erica
Orc:2:    st_orc_open, layout_diamond_mine, okawaru_metal_pillars_1_2
Vaults:1: v_pattern_2, v_misc_11, st_spiral_rooms, vaults_mumra_hexcomb,
          nicolae_vaults_ring_of_whatevers, vaults_dpeg_cross,
          ontoclasm_vaults_tryst, nicolae_vaults_specimen_jars,
          vaults_room_pool, dpeg_vaults_monster_box, layout_vaults_omnicross,
          serial_glass
Vaults:2: v_rooms_4, blue_anna_dwarven_crypt, vaults_dpeg_hooks,
          nicolae_vaults_holding_cells, nicolae_vaults_network_star,
          nicolae_vaults_diagonal_hallway_9, ontoclasm_vaults_idyll,
          hangedman_vaults_maws, v_misc_18, layout_vaults_omnibox, serial_shops,
          bzr_entry_lakeside, nicolae_diamond_shop, shop
Vaults:3: vaults_room_door_ring, hangedman_vaults_snaps, v_misc_23, v_pattern_3,
          v_misc_5, nicolae_vaults_little_squares_3, vaults_room_corners,
          layout_vaults_quadrants
Vaults:4: nicolae_vaults_diagonal_hallway_9, ontoclasm_vaults_misaligned,
          v_misc_25, nicolae_vaults_little_ls, v_rooms_2, vaults_mumra_hex,
          layout_vaults_big_room, serial_shops, bzr_entry_safe,
          nicolae_shop_trees, nicolae_lakefront_shop, uniq_saint_roka,
          uniq_mennas

Skill      XL: |  1  2  3  4  5  6  7  8  9 10 11 12 13 14 15 16 17 18 19 20 21 |
---------------+----------------------------------------------------------------+-----
Stealth        | 1 2 |  2.0
Poison Magic   | 1 |  1.0
Fighting       | 2 3 4 6 8 9 11 15 16 | 16.0
Dodging        | 3 4 5 6 8 9 11 13 | 13.0
Unarmed Combat | 4 5 6 8 9 11 13 15 17 18 | 18.0
Ice Magic      | 3 5 |  5.0
Transmutations | 3 5 7 9 10 11 13 14 15 | 15.3
Invocations    | 3 9 13 | 13.0
Translocations | 1 7 11 | 11.0
Earth Magic    | 5 10 11 13 | 13.0
Spellcasting   | 3 8 11 12 | 12.5

Action                   |  1- 3 |  4- 6 |  7- 9 | 10-12 | 13-15 | 16-18 | 19-21 || total
-------------------------+-------+-------+-------+-------+-------+-------+-------++-------
Melee: Unarmed           |    80 |   111 |   338 |   491 |   688 |   915 |   729 ||  3352
       Constrict         |    22 |    13 |    14 |     1 |       |    53 |    73 ||   176
       Tentacles         |    14 |    10 |    20 |     2 |       |    50 |    97 ||   193
       Kick              |    16 |    19 |    21 |       |       |       |       ||    56
       Punch             |     1 |       |     4 |       |       |    25 |    55 ||    85
Throw: Dart              |     9 |       |       |       |       |       |       ||     9
 Cast: Beastly Appendage |    16 |    20 |    15 |       |       |       |       ||    51
       Spider Form       |       |     5 |    17 |       |       |     1 |       ||    23
       Wereblood         |       |     1 |     5 |    15 |    11 |     4 |    11 ||    47
       Ice Form          |       |       |    20 |    83 |   161 |    41 |       ||   305
       Manifold Assault  |       |       |       |       |       |   360 |   175 ||   535
       Statue Form       |       |       |       |       |       |   148 |   115 ||   263
Invok: Slouch            |       |       |       |       |     9 |     8 |       ||    17
       Step From Time    |       |       |       |       |     2 |     2 |     1 ||     5
 Abil: End Transformatio |       |       |     1 |       |       |       |       ||     1
Evoke: Wand              |       |     2 |       |     9 |    18 |     3 |       ||    32
       Condenser vane    |       |       |       |     1 |     2 |       |       ||     3
  Use: Scroll            |     1 |     4 |     5 |     9 |    16 |    10 |     3 ||    48
       Potion            |     1 |     5 |     3 |     6 |     5 |     4 |     3 ||    27
 Stab: Sleeping          |     6 |    11 |     1 |     2 |     1 |     5 |     3 ||    29
       Distracted        |       |       |       |       |       |     2 |     1 ||     3
Armor: Skin              |     9 |    10 |    70 |   122 |   137 |   254 |   185 ||   787
Dodge: Dodged            |    44 |    84 |   283 |   370 |   666 |  1010 |   651 ||  3108

Table legend: (Time is in decaauts)
 A = Elapsed time spent in this place.
 B = Non-inter-level travel time spent in this place.
 C = Inter-level travel time spent in this place.
 D = Time resting spent in this place.
 E = Time spent auto-exploring this place.
 F = Levels seen in this place.
 G = Mean time per level.
                   A        B        C        D        E       F      G
               +--------+--------+--------+--------+--------+-----+--------+
         Total |  94561 |  87265 |   7296 |  24384 |  46398 |  38 | 2488.4 |
       Dungeon |  32590 |  28976 |   3614 |   6271 |  16562 |  15 | 2172.7 |
        Temple |     33 |     33 |      0 |      0 |      7 |   1 |   33.0 |
          Lair |  18060 |  15939 |   2121 |   4718 |   8199 |   6 | 3010.0 |
        Shoals |  14022 |  13776 |    246 |   5310 |   5396 |   4 | 3505.5 |
   Spider Nest |  12048 |  11330 |    718 |   5019 |   4562 |   4 | 3012.0 |
  Orcish Mines |   3713 |   3519 |    194 |    496 |   2513 |   2 | 1856.5 |
        Vaults |  11900 |  11500 |    400 |    971 |   9157 |   4 | 2975.0 |
        Bazaar |     49 |     49 |      0 |      0 |      0 |   1 |   49.0 |
        Bailey |   2141 |   2141 |      0 |   1596 |      0 |   1 | 2141.0 |
               +--------+--------+--------+--------+--------+-----+--------+

Top non-repeatable levels by time:
Shoals:4: 4645 daAuts
    D:12: 4301 daAuts
Spider:4: 4200 daAuts
Vaults:1: 3927 daAuts
     D:9: 3894 daAuts
  Lair:2: 3634 daAuts
Shoals:1: 3481 daAuts
Spider:3: 3399 daAuts
  Lair:4: 3296 daAuts
Vaults:2: 3225 daAuts
  Lair:6: 3182 daAuts
Shoals:2: 3168 daAuts
  Lair:3: 2963 daAuts
    D:14: 2850 daAuts
Vaults:3: 2831 daAuts
